EVO
STANFORD UNIVERSITY CARDINAL @ UNIVERSITY OF TORONTO MARLIES
11/27/2049
 
TOP OF THE 1ST
University of Arizona Wildcats batting - Pitching for University of North Carolina at Chapel Hill Tar Heels : LHP Gabe Zarco
Pitching: LHP Gabe Zarco
Batting: RHB Ron Dondale 0-0: Called Strike
0-1: Foul Ball, location: 2F
0-2: Strikes out looking
Batting: RHB Eddy Amaya 0-0: Ball
1-0: Ball
2-0: Ball
3-0: Called Strike
3-1: SINGLE (Line Drive, 9S, EV 91.9 MPH)
Batting: RHB C.J. Wells 0-0: Foul Ball, location: 2F
0-1: Ball
1-1: Called Strike
Eddy Amaya steals 2nd base
1-2: Ball
2-2: Ball
3-2: Ground out 6-3 (Groundball, 6, EV 111.2 MPH)
Batting: LHB Gary Corrales 0-0: Ball
1-0: Called Strike
1-1: Fly out, F7 (Line Drive, 7, EV 88.1 MPH)
Top of the 1st over - 0 runs, 1 hit, 0 errors, 1 left on base; University of Arizona 0 - University of North Carolina at Chapel Hill 0
BOTTOM OF THE 1ST
University of North Carolina at Chapel Hill Tar Heels batting - Pitching for University of Arizona Wildcats : LHP Jessie Leslie
Pitching: LHP Jessie Leslie
Batting: LHB Ron de Vos 0-0: Called Strike
0-1: Hit by Pitch
Batting: RHB Juan Mejia 0-0: Foul Ball, location: 2F
0-1: Ball
1-1: Called Strike
1-2: Fielders Choice at 2nd, 3-6 (Groundball, 3S, EV 81.9 MPH)
Batting: RHB Jonathan Winkler 0-0: Ball
1-0: DOUBLE (Flyball, 8LXD, EV 102.5 MPH)
Juan Mejia to third
Batting: RHB Fernando Mejia 0-0: Ground out 4-3 (Groundball, 4, EV 78.8 MPH)
Juan Mejia scores
Jonathan Winkler to third
Batting: RHB Paul Holland 0-0: Ball
1-0: Foul Ball, location: 2F
1-1: Called Strike
1-2: Ground out 2-3 (Groundball, 2L, EV 73.8 MPH)
Bottom of the 1st over - 1 run, 1 hit, 0 errors, 1 left on base; University of Arizona 0 - University of North Carolina at Chapel Hill 1
TOP OF THE 2ND
University of Arizona Wildcats batting - Pitching for University of North Carolina at Chapel Hill Tar Heels : LHP Gabe Zarco
Batting: RHB Teddy Bonaddio 0-0: Ball
1-0: Foul Ball, location: 2F
1-1: Ball
2-1: Fly out, F8 (Line Drive, 8RD, EV 83.8 MPH)
Batting: RHB Alejandro de Jesus 0-0: Ball
1-0: Ball
2-0: Ball
3-0: Base on Balls
Batting: LHB Andrew Davis 0-0: Swinging Strike
0-1: Foul Ball, location: 2F
0-2: Ball
1-2: Foul Ball, location: 2F
1-2: Strikes out swinging
Batting: RHB Larry Harlow 0-0: Foul Ball, location: 2F
0-1: Ground out 4-3 (Groundball, 4, EV 76.2 MPH)
Top of the 2nd over - 0 runs, 0 hits, 0 errors, 1 left on base; University of Arizona 0 - University of North Carolina at Chapel Hill 1
BOTTOM OF THE 2ND
University of North Carolina at Chapel Hill Tar Heels batting - Pitching for University of Arizona Wildcats : LHP Jessie Leslie
Batting: RHB Jeremy Rollins 0-0: SOLO HOME RUN (Flyball, 9LD, EV 95.0 MPH), Distance : 344 ft
Batting: SHB Rob Haney 0-0: Foul Ball, location: 2F
0-1: Foul Ball, location: 2F
0-2: Ball
1-2: Ball
2-2: SINGLE (Flyball, 78S, EV 94.4 MPH)
Batting: LHB Tim Wilton 0-0: Ball
1-0: Foul Ball, location: 2F
1-1: Foul Ball, location: 2F
1-2: Ball
2-2: Strikes out looking
Batting: RHB James Bickel 0-0: Reached on error, E5 (Groundball, 56S, EV 83.8 MPH)
Rob Haney to second
Batting: LHB Ron de Vos 0-0: Fielders Choice at 2nd, 6-4 (Groundball, 6, EV 103.8 MPH)
Rob Haney to third
Batting: RHB Juan Mejia 0-0: Called Strike
0-1: Ground out 4-3 (Groundball, 4, EV 83.1 MPH)
Bottom of the 2nd over - 1 run, 2 hits, 1 error, 2 left on base; University of Arizona 0 - University of North Carolina at Chapel Hill 2
TOP OF THE 3RD
University of Arizona Wildcats batting - Pitching for University of North Carolina at Chapel Hill Tar Heels : LHP Gabe Zarco
Batting: RHB Josh Carpenter 0-0: Ball
1-0: Ball
2-0: Ball
3-0: Called Strike
3-1: Called Strike
3-2: DOUBLE (Line Drive, 78XD, EV 101.2 MPH)
Batting: RHB Ron Dondale 0-0: Foul Ball, location: 2F
0-1: Ball
1-1: Foul Ball, location: 2F
1-2: Ground out 5-3 (Groundball, 56, EV 80.6 MPH)
Batting: RHB Eddy Amaya 0-0: Called Strike
0-1: Foul Ball, location: 2F
0-2: Foul Ball, location: 2F
0-2: Ball
1-2: Ball
2-2: Ball
3-2: Foul Ball, location: 2F
3-2: Fly out, F7 (Flyball, 7D, EV 88.8 MPH)
Batting: RHB C.J. Wells 0-0: Ball
1-0: Ball
2-0: Ball
3-0: Called Strike
3-1: Base on Balls
Batting: LHB Gary Corrales 0-0: Ball
1-0: Ball
2-0: Ball
3-0: Called Strike
3-1: Base on Balls
Josh Carpenter to third
C.J. Wells to second
Batting: RHB Teddy Bonaddio 0-0: Foul Ball, location: 2F
0-1: Ball
1-1: Ball
2-1: Foul Ball, location: 2F
2-2: Ball
3-2: Base on Balls
Josh Carpenter scores
C.J. Wells to third
Gary Corrales to second
Batting: RHB Alejandro de Jesus 0-0: Ball
1-0: Ball
2-0: Called Strike
2-1: DOUBLE (Flyball, 8RXD, EV 109.4 MPH)
C.J. Wells scores
Gary Corrales scores
Teddy Bonaddio to third
Runner from 3rd tries for Home, SAFE, no throw by CF
Batting: LHB Andrew Davis 0-0: Ball
1-0: Ball
2-0: Called Strike
2-1: Foul Ball, location: 2F
2-2: Ball
3-2: Base on Balls
Batting: RHB Larry Harlow 0-0: Ball
1-0: Called Strike
1-1: Ball
2-1: SINGLE (Groundball, 56D, EV 96.2 MPH)
Alejandro de Jesus to third
Andrew Davis to second
Runner from 3rd tries for Home, SAFE, throw by LF to home
Pitching: RHP Alex Aldaya
Batting: RHB Josh Carpenter 0-0: Ball
1-0: SINGLE (Groundball, 34D, EV 103.8 MPH)
Andrew Davis to third
Larry Harlow to second
Runner from 3rd tries for Home, SAFE, throw by RF to home
Batting: RHB Ron Dondale 0-0: Swinging Strike
0-1: Ball
1-1: Ball
2-1: Foul Ball, location: 2F
2-2: Ball
3-2: Ground out U3 (Groundball, 34, EV 95.0 MPH)
Top of the 3rd over - 6 runs, 4 hits, 0 errors, 2 left on base; University of Arizona 6 - University of North Carolina at Chapel Hill 2
BOTTOM OF THE 3RD
University of North Carolina at Chapel Hill Tar Heels batting - Pitching for University of Arizona Wildcats : LHP Jessie Leslie
Batting: RHB Jonathan Winkler 0-0: Ball
1-0: TRIPLE (Groundball, 3L, EV 110.6 MPH)
Batting: RHB Fernando Mejia 0-0: Ball
1-0: Ball
2-0: Foul Ball, location: 2F
2-1: Ball
3-1: SINGLE (Groundball, 34D, EV 102.5 MPH)
Jonathan Winkler scores
Batting: RHB Paul Holland 0-0: Fly out, F8 (Flyball, 78D, EV 96.9 MPH)
Batting: RHB Jeremy Rollins 0-0: Swinging Strike
0-1: Swinging Strike
0-2: Hit by Pitch
Fernando Mejia to second
Batting: SHB Rob Haney 0-0: Ball
1-0: Called Strike
1-1: Called Strike
1-2: Foul Ball, location: 2F
1-2: Ball
2-2: 3-RUN HOME RUN (Flyball, 7D, EV 96.2 MPH), Distance : 368 ft
Batting: LHB Tim Wilton 0-0: Called Strike
0-1: Ball
1-1: Fly out, F6 (Popup, 6S, EV 67.5 MPH)
Batting: RHB James Bickel 0-0: Ball
1-0: Called Strike
1-1: Foul Ball, location: 2F
1-2: Ball
2-2: Strikes out swinging
Bottom of the 3rd over - 4 runs, 3 hits, 0 errors, 0 left on base; University of Arizona 6 - University of North Carolina at Chapel Hill 6
TOP OF THE 4TH
University of Arizona Wildcats batting - Pitching for University of North Carolina at Chapel Hill Tar Heels : RHP Alex Aldaya
Batting: RHB Eddy Amaya 0-0: Ball
1-0: Ground out 3-1 (Groundball, 34, EV 107.5 MPH)
Batting: RHB C.J. Wells 0-0: Foul Ball, location: 2F
0-1: Fly out, F8 (Line Drive, 8RD, EV 90.6 MPH)
Batting: LHB Gary Corrales 0-0: Ball
1-0: DOUBLE (Flyball, 78XD, EV 101.2 MPH)
Batting: RHB Teddy Bonaddio 0-0: Ball
1-0: Ball
2-0: Fly out, F8 (Flyball, 8LXD, EV 101.9 MPH)
Top of the 4th over - 0 runs, 1 hit, 0 errors, 1 left on base; University of Arizona 6 - University of North Carolina at Chapel Hill 6
BOTTOM OF THE 4TH
University of North Carolina at Chapel Hill Tar Heels batting - Pitching for University of Arizona Wildcats : LHP Jessie Leslie
Batting: LHB Ron de Vos 0-0: Ball
1-0: Called Strike
1-1: Swinging Strike
1-2: Ball
2-2: Strikes out swinging
Batting: RHB Juan Mejia 0-0: Called Strike
0-1: Ball
1-1: Foul Ball, location: 2F
1-2: Ground out U3 (Groundball, 3L, EV 108.8 MPH)
Batting: RHB Jonathan Winkler 0-0: Ball
1-0: Ball
2-0: SINGLE (Line Drive, 7S, EV 85.6 MPH)
Pitching: RHP Jimmy Serna
Batting: RHB Fernando Mejia 0-0: Called Strike
0-1: Hit by Pitch
Jonathan Winkler to second
Batting: RHB Paul Holland 0-0: Ball
1-0: Ball
2-0: Called Strike
2-1: Foul Ball, location: 7LSF, Error on foul ball, E7
2-2: Ball
3-2: Fly out, F8 (Flyball, 78M, EV 83.8 MPH)
Bottom of the 4th over - 0 runs, 1 hit, 1 error, 2 left on base; University of Arizona 6 - University of North Carolina at Chapel Hill 6
TOP OF THE 5TH
University of Arizona Wildcats batting - Pitching for University of North Carolina at Chapel Hill Tar Heels : RHP Alex Aldaya
Pinch Hitting: LHB Pascal Noël 0-0: Called Strike
0-1: Ball
1-1: Foul Ball, location: 2F
1-2: Strikes out swinging
Batting: LHB Andrew Davis 0-0: Ball
1-0: Foul Ball, location: 2F
1-1: Ball
2-1: Ball
3-1: Foul Ball, location: 2F
3-2: DOUBLE (Line Drive, 7LM, EV 104.4 MPH)
Batting: RHB Larry Harlow 0-0: Called Strike
0-1: Ground out 4-3 (Groundball, 4M, EV 103.1 MPH)
Andrew Davis to third
Batting: RHB Josh Carpenter 0-0: Fly out, F8 (Flyball, 8LD, EV 83.1 MPH)
Top of the 5th over - 0 runs, 1 hit, 0 errors, 1 left on base; University of Arizona 6 - University of North Carolina at Chapel Hill 6
BOTTOM OF THE 5TH
University of North Carolina at Chapel Hill Tar Heels batting - Pitching for University of Arizona Wildcats : RHP Jimmy Serna
Now at 3B: Victor Garcia
Batting: RHB Jeremy Rollins 0-0: Foul Ball, location: 2F
0-1: Called Strike
0-2: Foul Ball, location: 2F
0-2: Ball
1-2: Ground out 3-1 (Groundball, 34, EV 98.1 MPH)
Batting: SHB Rob Haney 0-0: Fly out, F9 (Line Drive, 9, EV 89.4 MPH)
Batting: LHB Tim Wilton 0-0: Called Strike
0-1: Ball
1-1: Foul Ball, location: 2F
1-2: Ground out 4-3 (Groundball, 4, EV 100.6 MPH)
Bottom of the 5th over - 0 runs, 0 hits, 0 errors, 0 left on base; University of Arizona 6 - University of North Carolina at Chapel Hill 6
TOP OF THE 6TH
University of Arizona Wildcats batting - Pitching for University of North Carolina at Chapel Hill Tar Heels : RHP Alex Aldaya
Batting: RHB Ron Dondale 0-0: Called Strike
0-1: Fly out, F8 (Flyball, 89M, EV 81.2 MPH)
Batting: RHB Eddy Amaya 0-0: Foul Ball, location: 2F
0-1: Foul Ball, location: 2F
0-2: Ball
1-2: Ball
2-2: Fly out, F8 (Flyball, 89M, EV 80.6 MPH)
Pitching: RHP Jason Kaelber
Batting: RHB C.J. Wells 0-0: Ball
1-0: Fly out, F8 (Line Drive, 89M, EV 87.5 MPH)
Top of the 6th over - 0 runs, 0 hits, 0 errors, 0 left on base; University of Arizona 6 - University of North Carolina at Chapel Hill 6
BOTTOM OF THE 6TH
University of North Carolina at Chapel Hill Tar Heels batting - Pitching for University of Arizona Wildcats : RHP Jimmy Serna
Batting: RHB James Bickel 0-0: Swinging Strike
0-1: Ball
1-1: Foul Ball, location: 2F
1-2: Strikes out looking
Batting: LHB Ron de Vos 0-0: Ball
1-0: Ball
2-0: Swinging Strike
2-1: Fly out, F8 (Flyball, 8LM, EV 90.0 MPH)
Batting: RHB Juan Mejia 0-0: Called Strike
0-1: Ball
1-1: Ball
2-1: SINGLE (Line Drive, 4MD, EV 95.6 MPH)
Pitching: RHP Jairo Picano
Batting: RHB Jonathan Winkler 0-0: Fly out, F7 (Flyball, 7LSF, EV 86.2 MPH)
Bottom of the 6th over - 0 runs, 1 hit, 0 errors, 1 left on base; University of Arizona 6 - University of North Carolina at Chapel Hill 6
TOP OF THE 7TH
University of Arizona Wildcats batting - Pitching for University of North Carolina at Chapel Hill Tar Heels : RHP Jason Kaelber
Batting: LHB Gary Corrales 0-0: Swinging Strike
0-1: Ball
1-1: Foul Ball, location: 2F
1-2: Strikes out swinging
Batting: RHB Teddy Bonaddio 0-0: Ball
1-0: Called Strike
1-1: Ball
2-1: Ball
3-1: Called Strike
3-2: Strikes out swinging
Batting: RHB Victor Garcia 0-0: Ball
1-0: Foul Ball, location: 2F
1-1: Ball
2-1: Foul Ball, location: 2F
2-2: Foul Ball, location: 2F
2-2: Strikes out swinging
Top of the 7th over - 0 runs, 0 hits, 0 errors, 0 left on base; University of Arizona 6 - University of North Carolina at Chapel Hill 6
BOTTOM OF THE 7TH
University of North Carolina at Chapel Hill Tar Heels batting - Pitching for University of Arizona Wildcats : RHP Jairo Picano
Batting: RHB Fernando Mejia 0-0: Swinging Strike
0-1: Ball
1-1: SINGLE (Groundball, 56D, EV 96.2 MPH)
Batting: RHB Paul Holland
Batting: RHB Bill Atley 0-0: Called Strike
0-1: Ball
1-1: Ball
2-1: Called Strike
2-2: Strikes out swinging
Batting: RHB Jeremy Rollins 0-0: Ball
1-0: Ball
2-0: Ball
3-0: Called Strike
3-1: Called Strike
3-2: Base on Balls
Fernando Mejia to second
Batting: SHB Rob Haney 0-0: Called Strike
0-1: Ball
1-1: Ball
2-1: Fielders Choice at 2nd, 4-6 (Groundball, 34, EV 82.5 MPH)
Fernando Mejia to third
Batting: LHB Tim Wilton 0-0: Ball
1-0: Swinging Strike
1-1: Ground out 6-3 (Groundball, P, EV 76.2 MPH)
Bottom of the 7th over - 0 runs, 1 hit, 0 errors, 2 left on base; University of Arizona 6 - University of North Carolina at Chapel Hill 6
TOP OF THE 8TH
University of Arizona Wildcats batting - Pitching for University of North Carolina at Chapel Hill Tar Heels : RHP Jason Kaelber
Pitching: RHP Ted Hurley
Batting: LHB Andrew Davis 0-0: Swinging Strike
0-1: Called Strike
0-2: Ball
1-2: Ball
2-2: Foul Ball, location: 2F
2-2: Foul Ball, location: 2F
2-2: Ball
3-2: Fly out, F7 (Flyball, 78M, EV 72.5 MPH)
Batting: RHB Larry Harlow 0-0: Foul Ball, location: 2F
0-1: Ball
1-1: Swinging Strike
1-2: Ball
2-2: Ball
3-2: Strikes out looking
Pinch Hitting: LHB Lihau Keawe 0-0: Called Strike
0-1: Ball
1-1: Ball
2-1: Foul Ball, location: 2F
2-2: Ball
3-2: Ground out 5-3 (Groundball, 56S, EV 70.6 MPH)
Top of the 8th over - 0 runs, 0 hits, 0 errors, 0 left on base; University of Arizona 6 - University of North Carolina at Chapel Hill 6
BOTTOM OF THE 8TH
University of North Carolina at Chapel Hill Tar Heels batting - Pitching for University of Arizona Wildcats : RHP Jairo Picano
Pitching: RHP Andy Darnell
Now in RF: Jere Paatelainen
Batting: RHB James Bickel 0-0: Ball
1-0: Ball
2-0: Fly out, F9 (Line Drive, 9LS, EV 100.6 MPH)
Batting: LHB Ron de Vos 0-0: Called Strike
0-1: Ball
1-1: Called Strike
1-2: Ball
2-2: Strikes out swinging
Batting: RHB Juan Mejia 0-0: Ball
1-0: Called Strike
1-1: Foul Ball, location: 2F
1-2: Ball
2-2: Fly out, F8 (Line Drive, 8RS, EV 91.9 MPH)
Bottom of the 8th over - 0 runs, 0 hits, 0 errors, 0 left on base; University of Arizona 6 - University of North Carolina at Chapel Hill 6
TOP OF THE 9TH
University of Arizona Wildcats batting - Pitching for University of North Carolina at Chapel Hill Tar Heels : RHP Ted Hurley
Pitching: RHP Berry Dow
Batting: RHB Ron Dondale 0-0: Ball
1-0: Swinging Strike
1-1: Ball
2-1: DOUBLE (Line Drive, 78D, EV 110.6 MPH)
Batting: RHB Eddy Amaya 0-0: Foul Ball, location: 2F
0-1: Foul Ball, location: 2F
0-2: Ball
1-2: Ball
2-2: Ground out 5-3 (Groundball, 56, EV 106.2 MPH)
Batting: RHB C.J. Wells 0-0: Intentional Walk
Batting: LHB Gary Corrales 0-0: Ball
1-0: SINGLE (Groundball, 56D, EV 98.8 MPH)
Ron Dondale to third
C.J. Wells to second
Batting: SHB George Grace 0-0: Fly out, F7 (Flyball, 7D, EV 88.1 MPH)
Runner from 3rd tags up, SCORES, throw by LF
C.J. Wells to third
Batting: RHB Victor Garcia 0-0: Fielders Choice at 2nd, 6-4 (Groundball, 6, EV 106.2 MPH)
Top of the 9th over - 1 run, 2 hits, 0 errors, 2 left on base; University of Arizona 7 - University of North Carolina at Chapel Hill 6
BOTTOM OF THE 9TH
University of North Carolina at Chapel Hill Tar Heels batting - Pitching for University of Arizona Wildcats : RHP Andy Darnell
Pitching: RHP Chris Galloway
Batting: RHB Jonathan Winkler 0-0: Foul Ball, location: 2F
0-1: Ball
1-1: Foul Ball, location: 2F
1-2: Foul Ball, location: 2F
1-2: Ball
2-2: Strikes out swinging
Batting: RHB Fernando Mejia 0-0: Foul Ball, location: 2F
0-1: Ball
1-1: Ball
2-1: Ball
3-1: Ground out 6-3 (Groundball, 56, EV 101.9 MPH)
Batting: RHB Bill Atley 0-0: Ball
1-0: SINGLE (Line Drive, 7S, EV 106.2 MPH)
Batting: RHB Jeremy Rollins 0-0: Ball
1-0: Called Strike
1-1: Swinging Strike
1-2: SINGLE (Line Drive, 89M, EV 98.8 MPH)
Bill Atley to second
Runner from 2nd tries for 3rd, SAFE, throw by CF made to third
Pinch Hitting: RHB Brandon Wilson 0-0: Foul Ball, location: 2F
0-1: Ball
1-1: Ball
2-1: Called Strike
2-2: Foul Ball, location: 2F
2-2: Foul Ball, location: 2F
2-2: Strikes out swinging
Bottom of the 9th over - 0 runs, 2 hits, 0 errors, 2 left on base; University of Arizona 7 - University of North Carolina at Chapel Hill 6
Sunday, July 16th , 2023 - OOTP Baseball 24.6 Build 69